 Dungeon Crawl Stone Soup version 0.25-a0-502-g6516661 (webtiles) character file.

Game seed: 4822976223741440601, levelgen mode: deterministic

37 Crocosaw the Conjurer (level 3, -5/26 HPs)
             Began as a Draconian Conjurer on Feb 13, 2020.
             Slain by Sigmund
             ... wielding a +0 scythe
              (14 damage)
             ... on level 2 of the Dungeon.
             The game lasted 00:05:25 (1488 turns).

Crocosaw the Conjurer (Draconian Conjurer)          Turns: 1488, Time: 00:05:26

Health: -5/26      AC:  5    Str: 10    XL:     3   Next: 21%
Magic:  3/6        EV: 12    Int: 19    God:
Gold:   67         SH:  0    Dex: 12    Spells: 3/6 levels left

rFire    . . .     SeeInvis .   (no weapon)
rCold    . . .     Gourm    .   (no shield)
rNeg     . . .     Faith    .   (armour unavailable)
rPois    .         Spirit   .   (helmet restricted)
rElec    .         Reflect  .   (no cloak)
rCorr    .         Harm     .   (no gloves)
MR       .....                  (no boots)
Stlth    ++........             (no amulet)
HPRegen  0.08/turn              k - +4 ring of intelligence
MPRegen  0.10/turn              (no ring)

@: very slightly contaminated
A: unfitting armour, cold-blooded, AC +5
a: no special abilities


You were on level 2 of the Dungeon.
You were not hungry.

You visited 1 branch of the dungeon, and saw 2 of its levels.

You collected 67 gold pieces.

Inventory:

Hand Weapons
 c - a +1 hunting sling
Missiles
 g - 5 boomerangs (quivered)
Jewellery
 k - a +4 ring of intelligence (left hand)
Scrolls
 e - a scroll of teleportation {unknown}
 f - a scroll of enchant weapon
 i - a scroll of identify
 l - a scroll of amnesia {unknown}
Potions
 a - 2 potions of haste {unknown}
 d - a potion of agility {unknown}
 h - 2 potions of curing {unknown}
 j - a potion of berserk rage {unknown}
Comestibles
 b - 4 rations


   Skills:
 + Level 0.2 Throwing
 + Level 1.8 Dodging
 + Level 2.2 Stealth
 + Level 0.3 Unarmed Combat
 + Level 2.1 Spellcasting
 + Level 4.6 Conjurations


You had 3 spell levels left.
You knew the following spells:

 Your Spells              Type           Power        Failure   Level  Hunger
a - Magic Dart            Conj           ###.         2%          1    #......
b - Searing Ray           Conj           ###...       3%          2    ##.....

Your spell library contained the following spells:

 Spells                   Type           Power        Failure   Level  Hunger
 Dazzling Flash           Conj/Hex       ##....       19%         3    ###....
 Fulminant Prism          Conj/Hex       ##........   54%         4    #####..
 Iskenderun's Mystic Bla  Conj/Tloc      ##......     54%         4    #####..


Dungeon Overview and Level Annotations

Branches:
Dungeon (2/15)

Altars:
Ru

Annotations:
D:2 Sigmund


Innate Abilities, Weirdness & Mutations

Your plain brown scales are hard. (AC +5)
You cannot fit into any form of body armour.
You are cold-blooded and may be slowed by cold attacks.


Message History

Strange energies run through your body. Something hits you.
Something hits you but does no damage.
Casting: Searing Ray (safe; 3% risk of failure)
Confirm with . or Enter, or press ? or * to list all spells.
You can't see any susceptible monsters within range! (Use Z to cast anyway.)
Casting: Searing Ray (safe; 3% risk of failure)
Confirm with . or Enter, or press ? or * to list all spells.
You can't see any susceptible monsters within range! (Use Z to cast anyway.)
Casting: Searing Ray (safe; 3% risk of failure)
Confirm with . or Enter, or press ? or * to list all spells.
You can't see any susceptible monsters within range! (Use Z to cast anyway.)
Casting: Searing Ray (safe; 3% risk of failure)
Confirm with . or Enter, or press ? or * to list all spells.
You can't see any susceptible monsters within range! (Use Z to cast anyway.)
You barely miss something. Something hits you.
You barely miss something. You hit something but do no damage.
Something hits you.
You miss something. Something hits you!
Ouch! That really hurt!
You die...

#. ##+#. #.##....#
#.......##
##.......## #
#.........####....
#.####
+.........@.......
......
#.).......####....
#.#### #.......##
. ##.....##
##...## ##'## #.#
#.# ##.##


There were no monsters in sight!

Vanquished Creatures
  An adder (D:2)
  A dart slug (D:1)
  A leopard gecko (D:1)
  6 bats
  A giant cockroach (D:2)
  2 goblins (D:1)
  3 hobgoblins (D:2)
  2 frilled lizards (D:1)
  5 kobolds
  5 rats
27 creatures vanquished.

Notes
Turn   | Place    | Note
-------+----------+-------------------------------------------
     0 | D:1      | Crocosaw the Draconian Conjurer began the quest for the
                  | Orb.
     0 | D:1      | Reached XP level 1. HP: 14/14 MP: 3/3
   267 | D:1      | Reached XP level 2. HP: 16/20 MP: 5/5
   902 | D:2      | Found a sacrificial altar of Ru.
  1175 | D:2      | Reached XP level 3. HP: 13/26 MP: 1/6
  1455 | D:2      | Noticed Sigmund
  1466 | D:2      | Learned a level 2 spell: Searing Ray
  1488 | D:2      | Slain by Sigmund

Levels and vault maps discovered:
D:1:      dpeg_arrival_subterranean_lakeside_camping, layout_rooms
D:2:      layout_loops_corners, nicolae_ru_sacrificial_ziggurat, first_ration,
          uniq_sigmund

Skill      XL: |  1  2 |
---------------+-------+-----
Stealth        | 2 |  2.2
Throwing       | |  0.2
Dodging        | |  1.8
Unarmed Combat | |  0.3
Spellcasting   | |  2.1
Conjurations   | |  4.6

Action                   || total
-------------------------++-------
Melee: Unarmed           ||    62
       Tailslap          ||     7
Throw: Boomerang         ||    20
 Cast: Magic Dart        ||    22
       Searing Ray       ||     1
  Use: Scroll            ||     2
 Stab: Sleeping          ||     1
       Distracted        ||     1
  Eat: Chunk             ||     2
Armor: Skin              ||    13
Dodge: Dodged            ||    42

Table legend:
 A = Non-vault XP
 B = Vault XP
 C = Vault XP percentage of total XP
 D = Non-vault monster count
 E = Vault monster count
 F = Vault count percentage of total count
                 A         B        C        D         E       F
            +---------+---------+-------+---------+---------+-------
      Total |      45 |       8 |  15.1 |      21 |       6 |  22.2
            +---------+---------+-------+---------+---------+-------
        D:1 |      14 |       8 |  36.4 |       9 |       6 |  40.0
        D:2 |      31 |       0 |   0.0 |      12 |       0 |   0.0
            +---------+---------+-------+---------+---------+-------
